AoeStats
← antibar9968

Arabia

506605277Analyzed
1v1 RM · 18d ago on Sep 14, 2026· 53m 29s· 2 players
Game mode
Random Map
Map size
Tiny (2 player)
Population
200
Speed
Normal
Resources
Standard
Victory
Conquest
Starting age
Dark Age
Ending age
Imperial Age
RankedLock teamsTeams togetherTeam positionsShared explorationLock speedFull tech treeHidden civsTurbo modeCheats
Victory
Defeat
🇩🇪 Lithuanians · Germany
1009
+16
🇪🇸 Hindustanis · Spain
1011
-16
antibar9968
6:21 Loom
9:30 Feudal Age
8:37 Loom
10:01 Double-Bit Axe
9:59 Horse Collar
17:34 Castle Age
16:52 Bloodlines
17:44 Forging
19:29 Bow Saw
21:44 Wheelbarrow
36:34 Wheelbarrow
36:42 Town Watch
38:33 Husbandry
41:21 Iron Casting
40:52 Scale Barding Armor
40:41 Fletching
44:50 Imperial Age
43:47 Chain Barding Armor
44:10 Hand Cart
45:20 Murder Holes
45:37 Masonry
45:22 Heated Shot
45:54 Ballistics
47:59 Murder Holes
47:45 Treadmill Crane
49:53 Plate Barding Armor
50:54 Elite Leitis
52:22 Heavy Plow
53:24 Two-Man Saw
Lucuman
7:19 Loom
10:38 Feudal Age
14:54 Castle Age
14:40 Double-Bit Axe
14:44 Horse Collar
17:41 Forging
20:51 Arson
21:24 Scale Mail Armor
23:50 Squires
26:00 Grand Trunk Road
30:21 Pikeman
33:08 Wheelbarrow
32:18 Town Watch
34:40 Padded Archer Armor
34:59 Chain Mail Armor
37:37 Iron Casting
41:31 Devotion
43:48 Fletching
49:44 Gold Mining
52:07 Stone Mining
Connection lost

Rejoining the realm…

Still unreachable

The connection could not be restored.

Session expired

The server has moved on; the page needs a fresh start.